AoeStats
← Panthala

Arabia

505305389Analyzed
3v3 RM · 25d ago on Sep 8, 2026· 54m 48s· 6 players
Game mode
Random Map
Map size
Normal (6 player)
Population
200
Speed
Normal
Resources
Standard
Victory
Conquest
Starting age
Dark Age
Ending age
Imperial Age
RankedLock teamsTeams togetherTeam positionsShared explorationLock speedFull tech treeHidden civsTurbo modeCheats
Victory
Defeat
🇸🇪 Mongols · Sweden
903
+13
🇸🇪 Burgundians · Sweden
887
+14
🇸🇪 Bohemians · Sweden
822
+16
🇪🇸 Portuguese · Spain
863
-45
🇪🇸 Chinese · Spain
825
-14
🇪🇸 Byzantines · Spain
806
-13
Johan Falk
2:43 Loom
10:48 Feudal Age
14:30 Wheelbarrow
16:46 Double-Bit Axe
17:10 Scale Barding Armor
17:34 Bloodlines
23:45 Gold Mining
23:38 Horse Collar
27:13 Castle Age
28:38 Husbandry
29:19 Hand Cart
29:28 Hand Cart
32:02 Gold Shaft Mining
31:30 Heavy Plow
31:43 Bow Saw
31:57 Chain Barding Armor
31:38 Padded Archer Armor
31:29 Fletching
31:49 Forging
33:34 Stone Mining
36:56 Ballistics
36:48 Masonry
36:57 Leather Archer Armor
36:39 Bodkin Arrow
40:32 Imperial Age
39:20 Light Cavalry
41:55 Iron Casting
41:22 Bracer
41:52 Conscription
42:41 Chemistry
42:31 Stone Shaft Mining
41:23 Elite Steppe Lancer
43:56 Elite Mangudai
HinkeN
11:57 Feudal Age
12:07 Loom
14:56 Horse Collar
17:01 Double-Bit Axe
23:23 Castle Age
26:58 Heavy Plow
28:58 Chemistry
28:16 Fortified Wall
30:01 Ballistics
29:09 Pikeman
29:54 Squires
31:12 Treadmill Crane
36:28 Fletching
36:42 Padded Archer Armor
36:54 Forging
43:00 Imperial Age
41:08 Wheelbarrow
43:58 Bodkin Arrow
44:18 Leather Archer Armor
44:41 Iron Casting
46:22 Conscription
48:10 Bombard Tower
48:54 Murder Holes
51:14 Hand Cart
52:05 Blast Furnace
51:06 Bracer
51:37 Ring Archer Armor
52:08 Houfnice
Jollan
12:16 Feudal Age
13:31 Man-at-Arms
14:32 Horse Collar
17:06 Forging
16:46 Arson
17:52 Scale Mail Armor
19:18 Double-Bit Axe
21:45 Heavy Plow
24:27 Castle Age
23:04 Bow Saw
25:30 Scale Barding Armor
26:43 Two-Man Saw
25:11 Long Swordsman
26:48 Wheelbarrow
26:17 Squires
25:38 Pikeman
26:32 Gold Mining
26:33 Stone Mining
28:07 Town Watch
30:13 Hand Cart
30:05 Cavalier
33:56 Husbandry
34:23 Chain Barding Armor
36:27 Town Patrol
37:06 Burgundian Vineyards
38:07 Crop Rotation
39:46 Iron Casting
39:55 Gold Shaft Mining
42:19 Caravan
45:17 Imperial Age
45:33 Paladin
45:40 Capped Ram
46:55 Conscription
47:20 Plate Barding Armor
46:33 Two-Handed Swordsman
47:30 Champion
51:27 Blast Furnace
50:42 Chain Mail Armor
50:30 Elite Coustillier
52:39 Stone Shaft Mining
51:52 Light Cavalry
54:54 Plate Mail Armor
54:26 Padded Archer Armor
54:17 Fletching
aniolcastellsc
4:15 Loom
11:55 Feudal Age
12:20 Double-Bit Axe
12:19 Horse Collar
12:48 Gold Mining
15:46 Wheelbarrow
18:56 Scale Mail Armor
19:06 Forging
21:55 Castle Age
22:16 Fletching
23:40 Bow Saw
23:25 Stone Mining
24:11 Gold Shaft Mining
23:46 Pikeman
25:48 Hand Cart
26:25 Stone Shaft Mining
28:53 Pikeman
38:28 Bodkin Arrow
38:40 Scale Barding Armor
46:52 Murder Holes
51:16 Imperial Age
pinkylee
0:38 Loom
10:01 Feudal Age
10:36 Horse Collar
11:13 Double-Bit Axe
17:55 Castle Age
17:48 Wheelbarrow
19:00 Bow Saw
18:54 Heavy Plow
23:32 Gold Mining
23:35 Stone Mining
26:09 Hand Cart
26:12 Scale Mail Armor
28:08 Gold Shaft Mining
28:31 Town Watch
29:12 Squires
28:59 Arson
30:50 Stone Shaft Mining
30:17 Town Patrol
30:57 Fletching
31:08 Padded Archer Armor
31:13 Scale Barding Armor
31:24 Chain Mail Armor
31:20 Forging
35:11 Bodkin Arrow
35:31 Leather Archer Armor
35:52 Iron Casting
35:38 Chain Barding Armor
38:15 Imperial Age
36:40 Ballistics
36:31 Masonry
36:21 Murder Holes
38:30 Heavy Rocket Cart
39:42 Thumb Ring
40:12 Ring Archer Armor
39:42 Bracer
40:13 Plate Mail Armor
40:44 Blast Furnace
40:20 Plate Barding Armor
40:46 Bloodlines
40:36 Husbandry
39:57 Cavalier
42:00 Chemistry
41:31 Architecture
40:42 Elite Chu Ko Nu
41:59 Rocketry
42:00 Conscription
42:27 Elite Skirmisher
44:27 Two-Man Saw
44:52 Sappers
Panthala
14:31 Feudal Age
15:02 Horse Collar
15:10 Double-Bit Axe
16:06 Wheelbarrow
19:38 Town Watch
20:26 Scale Mail Armor
20:32 Scale Barding Armor
20:28 Padded Archer Armor
20:18 Fletching
20:30 Gold Mining
22:49 Forging
31:47 Castle Age
29:43 Stone Mining
32:48 Hand Cart
32:11 Pikeman
32:38 Arson
34:04 Crossbowman
39:45 Elite Skirmisher
43:09 Stone Shaft Mining
44:30 Heavy Plow
46:25 Hand Cart
46:22 Gambesons
Connection lost

Rejoining the realm…

Still unreachable

The connection could not be restored.

Session expired

The server has moved on; the page needs a fresh start.